Thunder vs Patriotes
Created - 23 novembre 2013 at 22:40
Goals
|
| Thunder |
2 |
0 |
1 |
3 |
| Patriotes |
1 |
0 |
3 |
4 |
|
Shots
|
| Thunder |
9 |
5 |
8 |
22 |
| Patriotes |
4 |
5 |
17 |
26 |
|
1st period
1. Patriotes , Andrew Gordon 6 (Zenon Konopka) at 9:07
2. Thunder , Dany Roussin 8 (Pierre-Alexandre Parenteau) at 9:19
3. Thunder , Matt D'Agostini 3 (Tom Pyatt, Daniel Winnik) at 17:18
Penalties :
Davis Drewiske (Nyc) for Interference (Minor) at 17:52
2nd period
No Goal
Penalties :
Ryan Wilson (Nyc) for Holding (Minor) at 1:00, Tyler Myers (TRO) for Interference (Minor) at 6:33, Davis Drewiske (Nyc) for Hooking (Minor) at 11:27, Daniel Winnik (TRO) for Roughing (Minor) at 11:27, Pierre-Alexandre Parenteau (TRO) for Hooking (Minor) at 19:32
3rd period
4. Patriotes , Andreas Nodl 13 (Christian Hanson, Ryan Wilson) at 3:18
5. Patriotes , Zenon Konopka 5 (Andrew Gordon, Fedor Fedorov) at 5:27
6. Thunder , Robin Leblanc 1 (Samuel Pahlsson, Jerred Smithson) at 13:27
7. Patriotes , Andrew Gordon 7 (Zenon Konopka) at 17:14 (PP)
Penalties :
Robin Leblanc (TRO) for Holding (Minor) at 10:51, Ray Macias (TRO) for Hooking (Minor) at 17:00, Jeff Finger (TRO) for Slashing (Minor) at 18:21
Goalie Stats
Barry Brust (TRO), 22 saves from 26 shots - (0,846), L, 7-5-1, 60:00 minutes
Joey MacDonald (Nyc), 19 saves from 22 shots - (0,864), W, 4-3-1, 60:00 minutes
Players Stats for Thunder
Player Name G A P +/- PIM S H SB GA TA FO MP PP MP PK MP
------------------------------------------------------------------------------------
Alexei Semenov 0 0 0 -1 0 1 0 0 0 2 0/0 25:48 2:08 4:29
Brandon Mashinter 0 0 0 1 0 0 0 0 0 0 0/0 5:35 0:00 0:00
Brett Festerling 0 0 0 0 0 0 0 0 0 0 0/0 5:53 0:00 0:00
Colby Cohen 0 0 0 0 0 0 0 0 0 0 0/0 0:00 0:00 0:00
Daniel Winnik 0 1 1 0 2 3 6 1 2 0 0/0 18:53 1:42 1:55
Dany Roussin 1 0 1 0 0 2 1 0 0 0 0/0 18:09 2:09 1:41
Daultan Leveillé 0 0 0 0 0 0 0 0 0 0 0/0 0:00 0:00 0:00
Derek Peltier 0 0 0 1 0 0 0 0 0 0 0/0 19:19 1:50 3:20
Doug Janik 0 0 0 -1 0 3 1 2 0 0 0/0 25:48 2:08 4:29
James Van Riemsdyk 0 0 0 -1 0 1 1 0 0 0 0/0 15:27 0:10 1:20
Jannik Hansen 0 0 0 0 0 0 0 0 0 0 0/0 0:00 0:00 0:00
Jeff Finger 0 0 0 1 2 1 0 0 2 0 0/0 18:23 1:50 2:25
Jerred Smithson 0 1 1 -1 0 0 2 0 0 0 1/4 16:01 0:00 2:57
Joey Crabb 0 0 0 -1 0 0 1 0 0 0 0/0 13:04 0:07 0:00
Joey Ryan 0 0 0 0 0 0 1 0 0 0 0/0 5:53 0:00 0:00
Kelly Zajac 0 0 0 0 0 0 0 0 0 0 0/0 0:00 0:00 0:00
Kevin Montgomery 0 0 0 0 0 0 0 0 0 0 0/0 0:00 0:00 0:00
Matt D'Agostini 1 0 1 0 0 2 1 0 0 0 1/1 16:30 1:42 0:00
Pierre-Alexandre Parente 0 1 1 0 2 1 0 0 0 0 1/2 20:07 2:09 3:11
Ray Macias 0 0 0 0 2 0 0 1 0 0 0/0 8:59 0:00 0:00
Robin Leblanc 1 0 1 1 2 1 1 0 0 0 0/0 5:37 0:00 0:00
Samuel Pahlsson 0 1 1 1 0 6 2 1 1 0 14/32 23:58 2:13 4:20
Tom Pyatt 0 1 1 0 0 1 2 0 0 1 6/10 16:44 1:42 0:14
Tyler Myers 0 0 0 0 2 0 1 0 0 1 0/0 9:58 0:00 0:55
Players Stats for Patriotes
Player Name G A P +/- PIM S H SB GA TA FO MP PP MP PK MP
------------------------------------------------------------------------------------
Andreas Nodl 1 0 1 1 0 5 0 0 0 0 1/2 18:05 3:16 0:57
Andrew Gordon 2 1 3 0 0 8 1 1 0 0 1/4 21:13 4:30 1:59
Brett Skinner 0 0 0 0 0 1 2 0 1 0 0/0 25:19 5:07 2:25
Cade Fairchild 0 0 0 0 0 0 1 1 0 0 0/0 4:57 0:00 0:00
Christian Hanson 0 1 1 1 0 1 2 1 0 1 2/4 18:42 3:16 1:12
Cory Emmerton 0 0 0 0 0 3 0 0 0 1 4/7 14:16 0:09 0:00
Davis Drewiske 0 0 0 0 4 2 1 1 1 1 0/0 23:05 5:07 1:04
Fedor Fedorov 0 1 1 0 0 0 2 0 1 0 0/1 19:44 4:33 0:53
James Wright 0 0 0 0 0 0 0 0 0 0 0/0 0:00 0:00 0:00
Joe Charlebois 0 0 0 1 0 0 2 0 0 1 0/0 20:02 2:42 1:33
Lauri Tukonen 0 0 0 0 0 0 0 0 0 0 0/1 14:05 0:03 0:00
Liam Reddox 0 0 0 -1 0 0 1 2 0 0 0/0 12:32 0:00 0:00
Mario Bliznak 0 0 0 0 0 0 0 0 0 0 0/0 0:00 0:00 0:00
Martin St. Pierre 0 0 0 -1 0 0 0 0 0 0 1/2 7:41 0:00 0:58
Mathieu Brodeur 0 0 0 0 0 0 0 0 0 0 0/0 5:58 0:00 0:20
Mathieu Perreault 0 0 0 0 0 0 0 0 0 0 0/0 0:00 0:00 0:00
Matt Watkins 0 0 0 0 0 0 0 0 0 0 0/0 0:00 0:00 0:00
Nigel Williams 0 0 0 -1 0 0 0 1 0 0 0/0 12:04 0:00 1:56
Philip Larsen 0 0 0 -1 0 0 0 1 0 1 0/0 10:26 0:00 0:00
Ryan Potulny 0 0 0 0 0 0 0 0 0 0 0/0 0:00 0:00 0:00
Ryan White 0 0 0 0 0 0 0 0 0 0 0/0 0:00 0:00 0:00
Ryan Wilson 0 1 1 1 2 0 0 0 0 0 0/0 18:40 2:42 0:38
T.J Galiardi 0 0 0 1 0 2 1 0 1 0 0/0 16:26 3:16 0:00
Tomas Kubalik 0 0 0 -1 0 0 0 0 0 0 0/0 6:26 0:00 0:00
Zenon Konopka 1 2 3 0 0 4 1 2 0 0 17/28 24:19 4:24 1:57
3 Stars
1 - Andrew Gordon (Nyc)
2 - Zenon Konopka (Nyc)
3 - Andreas Nodl (Nyc)
Power Play
Thunder - 0 on 2 Attempt(s) - 0,00%
Patriotes - 1 on 5 Attempt(s) - 20,00%
Penalty Kill
Thunder - 4 on 5 Attempt(s) - 80,00%
- Score 0 goal in Penalty Kill
Patriotes - 2 on 2 Attempt(s) - 100,00%
- Score 0 goal in Penalty Kill
Official
Referees : Walsh Ian and Meier Brad
Linesman : Steve Miller and Brian Mach
Game Notes
No Game Note
Finance
Level 1 -- Attendance: 1418 (70,90%) -- Ticket Income 49 630 $
Level 2 -- Attendance: 796 (79,60%) -- Ticket Income 11 940 $
Total Attendance: 2214 (73,80%)
Total Ticket Income: 61 570 $
Other Income: 3 078 $
Total Income: 64 648 $
Thunder
5 vs 5 Forward
Center Left Wing Right Wing Time % Phy DF OF
1 Samuel Pahlsson Dany Roussin Pierre-Alexandre Parentea40 1 2 2
2 Tom Pyatt Daniel Winnik Matt D'Agostini 30 1 2 2
3 Jerred Smithson James Van Riemsdyk Joey Crabb 20 1 2 2
4 Brandon Mashinter Samuel Pahlsson Robin Leblanc 10 1 2 2
5 vs 5 Defense
Defense Defense Time % Phy DF OF
1 Alexei Semenov Doug Janik 40 1 2 2
2 Jeff Finger Derek Peltier 30 1 2 2
3 Ray Macias Tyler Myers 20 1 2 2
4 Joey Ryan Brett Festerling 10 1 2 2
PowerPlay Forward
Center Left Wing Right Wing Time % Phy DF OF
1 Samuel Pahlsson Dany Roussin Pierre-Alexandre Parentea60 1 2 2
2 Tom Pyatt Daniel Winnik Matt D'Agostini 40 1 2 2
PowerPlay Defense
Defense Defense Time % Phy DF OF
1 Alexei Semenov Doug Janik 60 1 2 2
2 Jeff Finger Derek Peltier 40 1 2 2
Penalty Kill 4 Players Forward
Center Wing Time % Phy DF OF
1 Samuel Pahlsson Pierre-Alexandre Parentea60 1 2 2
2 Dany Roussin Daniel Winnik 40 1 2 2
Penalty Kill 4 Players Defense
Defense Defense Time % Phy DF OF
1 Alexei Semenov Doug Janik 60 1 2 2
2 Jeff Finger Derek Peltier 40 1 2 2
Penalty Kill - 3 Players Forward
Forward Time % Phy DF OF
1 Samuel Pahlsson 60 1 2 2
2 Pierre-Alexandre Parentea 40 1 2 2
Penalty Kill - 3 Players Defense
Defense Defense Time % Phy DF OF
1 Alexei Semenov Doug Janik 60 1 2 2
2 Jeff Finger Derek Peltier 40 1 2 2
4 vs 4 Forward
Center Wing Time % Phy DF OF
1 Samuel Pahlsson Pierre-Alexandre Parentea60 1 2 2
2 Dany Roussin Daniel Winnik 40 1 2 2
4 vs 4 Defense
Defense Defense Time % Phy DF OF
1 Alexei Semenov Doug Janik 60 1 2 2
2 Jeff Finger Derek Peltier 40 1 2 2
Last Minutes Offensive
Center Left Wing Right Wing Defense Defense
Samuel Pahlsson Dany Roussin Pierre-Alexandre ParenteaAlexei Semenov Doug Janik
Last Minutes Defensive
Center Left Wing Right Wing Defense Defense
Samuel Pahlsson Dany Roussin Pierre-Alexandre ParenteaAlexei Semenov Doug Janik
Goaltenders
Starting : Barry Brust
Backup : Ben Bishop
Extra Forwards
Normal : James Van Riemsdyk, Joey Crabb, Jerred Smithson - PP : James Van Riemsdyk, Joey Crabb - PK : Jerred Smithson
Extra Defensemen
Normal : Ray Macias, Tyler Myers, Joey Ryan - PP : Ray Macias - PK : Tyler Myers, Joey Ryan
Penalty Shots
Samuel Pahlsson, Pierre-Alexandre Parenteau, Dany Roussin, Daniel Winnik, James Van Riemsdyk
Patriotes
5 vs 5 Forward
Center Left Wing Right Wing Time % Phy DF OF
1 Zenon Konopka Fedor Fedorov Andrew Gordon 40 1 2 2
2 Christian Hanson T.J Galiardi Andreas Nodl 30 1 2 2
3 Cory Emmerton Liam Reddox Lauri Tukonen 20 1 2 2
4 Martin St. Pierre Zenon Konopka Tomas Kubalik 10 1 2 2
5 vs 5 Defense
Defense Defense Time % Phy DF OF
1 Brett Skinner Davis Drewiske 40 1 2 2
2 Ryan Wilson Joe Charlebois 30 1 2 2
3 Philip Larsen Nigel Williams 20 1 2 2
4 Mathieu Brodeur Cade Fairchild 10 1 2 2
PowerPlay Forward
Center Left Wing Right Wing Time % Phy DF OF
1 Zenon Konopka Fedor Fedorov Andrew Gordon 60 1 2 2
2 Christian Hanson T.J Galiardi Andreas Nodl 40 1 2 2
PowerPlay Defense
Defense Defense Time % Phy DF OF
1 Brett Skinner Davis Drewiske 60 1 2 2
2 Ryan Wilson Joe Charlebois 40 1 2 2
Penalty Kill 4 Players Forward
Center Wing Time % Phy DF OF
1 Zenon Konopka Andrew Gordon 60 1 2 2
2 Andreas Nodl Christian Hanson 40 1 2 2
Penalty Kill 4 Players Defense
Defense Defense Time % Phy DF OF
1 Brett Skinner Davis Drewiske 60 1 2 2
2 Ryan Wilson Joe Charlebois 40 1 2 2
Penalty Kill - 3 Players Forward
Forward Time % Phy DF OF
1 Zenon Konopka 60 1 2 2
2 Andrew Gordon 40 1 2 2
Penalty Kill - 3 Players Defense
Defense Defense Time % Phy DF OF
1 Brett Skinner Davis Drewiske 60 1 2 2
2 Ryan Wilson Joe Charlebois 40 1 2 2
4 vs 4 Forward
Center Wing Time % Phy DF OF
1 Zenon Konopka Andrew Gordon 60 1 2 2
2 Andreas Nodl Christian Hanson 40 1 2 2
4 vs 4 Defense
Defense Defense Time % Phy DF OF
1 Brett Skinner Davis Drewiske 60 1 2 2
2 Ryan Wilson Joe Charlebois 40 1 2 2
Last Minutes Offensive
Center Left Wing Right Wing Defense Defense
Zenon Konopka Fedor Fedorov Andrew Gordon Brett Skinner Davis Drewiske
Last Minutes Defensive
Center Left Wing Right Wing Defense Defense
Zenon Konopka Fedor Fedorov Andrew Gordon Brett Skinner Davis Drewiske
Goaltenders
Starting : Joey MacDonald
Backup : Jason Missiaen
Extra Forwards
Normal : Cory Emmerton, Lauri Tukonen, Martin St. Pierre - PP : Cory Emmerton, Lauri Tukonen - PK : Martin St. Pierre
Extra Defensemen
Normal : Philip Larsen, Nigel Williams, Mathieu Brodeur - PP : Philip Larsen - PK : Nigel Williams, Mathieu Brodeur
Penalty Shots
Zenon Konopka, Andrew Gordon, Andreas Nodl, Christian Hanson, Cory Emmerton
% Time on Ice - Thunder
Lines # - Real PCT - Wanted PCT - Time Play
Normal Forward
1 - 31% - 40% - 14:15
2 - 32% - 30% - 14:55
3 - 25% - 20% - 11:29
4 - 12% - 10% - 5:35
Normal Defense
1 - 39% - 40% - 18:06
2 - 29% - 30% - 13:15
3 - 19% - 20% - 9:00
4 - 13% - 10% - 5:53
PP Forward
1 - 57% - 60% - 2:16
2 - 43% - 40% - 1:42
PP Defense
1 - 54% - 60% - 2:08
2 - 46% - 40% - 1:50
PK Forward
1 - 78% - 60% - 6:08
2 - 22% - 40% - 1:41
PK Defense
1 - 57% - 60% - 4:29
2 - 43% - 40% - 3:20
PK3 Forward
1 - 0% - 60%
2 - 0% - 40%
PK3 Defense
1 - 0% - 60%
2 - 0% - 40%
44 Forward
1 - 69% - 60% - 1:22
2 - 31% - 40% - 0:37
44 Defense
1 - 55% - 60% - 1:05
2 - 45% - 40% - 0:54
Last Minute Offensive - 0:00
Last Minute Defensive - 0:00
Total
Forward - 60:00
Defense - 60:00
|
% Time on Ice - Patriotes
Lines # - Real PCT - Wanted PCT - Time Play
Normal Forward
1 - 31% - 40% - 14:19
2 - 29% - 30% - 13:16
3 - 26% - 20% - 12:13
4 - 14% - 10% - 6:26
Normal Defense
1 - 36% - 40% - 16:48
2 - 32% - 30% - 14:57
3 - 21% - 20% - 9:32
4 - 11% - 10% - 4:57
PP Forward
1 - 58% - 60% - 4:33
2 - 42% - 40% - 3:16
PP Defense
1 - 65% - 60% - 5:07
2 - 35% - 40% - 2:42
PK Forward
1 - 76% - 60% - 3:01
2 - 24% - 40% - 0:57
PK Defense
1 - 61% - 60% - 2:25
2 - 39% - 40% - 1:33
PK3 Forward
1 - 0% - 60%
2 - 0% - 40%
PK3 Defense
1 - 0% - 60%
2 - 0% - 40%
44 Forward
1 - 70% - 60% - 1:23
2 - 30% - 40% - 0:36
44 Defense
1 - 80% - 60% - 1:35
2 - 20% - 40% - 0:24
Last Minute Offensive - 0:00
Last Minute Defensive - 0:00
Total
Forward - 60:00
Defense - 60:00
|
Play by Play
1st period
0:01 of 1st period - Samuel Pahlsson wins face-off versus Andrew Gordon in neutral zone.
0:53 of 1st period - Brett Skinner is hit by Jerred Smithson and loses puck.
2:36 of 1st period - Icing by Pierre-Alexandre Parenteau.
2:37 of 1st period - Cory Emmerton wins face-off versus Samuel Pahlsson in Thunder zone.
3:04 of 1st period - Andreas Nodl is hit by Daniel Winnik and loses puck.
3:41 of 1st period - Derek Peltier is hit by Cade Fairchild and loses puck.
6:07 of 1st period - Snap shot by Andrew Gordon.
6:07 of 1st period - Shot Blocked by Doug Janik.
6:09 of 1st period - Wrist shot by Andrew Gordon.
6:09 of 1st period - Stopped by Barry Brust without a rebound.
6:10 of 1st period - Tom Pyatt wins face-off versus Lauri Tukonen in Thunder zone.
8:25 of 1st period - Wrist shot by Lauri Tukonen.
8:25 of 1st period - Shot Misses the Net.
8:27 of 1st period - Snap shot by Lauri Tukonen.
8:27 of 1st period - Deflect By Jeff Finger.
8:27 of 1st period - Shot Misses the Net.
8:27 of 1st period - Puck is out of play.
8:28 of 1st period - Tom Pyatt wins face-off versus Cory Emmerton in Thunder zone.
8:35 of 1st period - Slapshot by Daniel Winnik.
8:35 of 1st period - Stopped by Joey MacDonald with a rebound.
8:51 of 1st period - Snap shot by T.J Galiardi.
8:51 of 1st period - Deflect By Andreas Nodl.
8:51 of 1st period - Shot Misses the Net.
8:51 of 1st period - Puck is out of play.
8:52 of 1st period - Zenon Konopka wins face-off versus Jerred Smithson in Thunder zone.
9:05 of 1st period - Wrist shot by Andrew Gordon.
9:05 of 1st period - Stopped by Barry Brust without a rebound.
9:06 of 1st period - Zenon Konopka wins face-off versus Samuel Pahlsson in Thunder zone.
9:07 of 1st period - Snap shot by Andrew Gordon.
9:07 of 1st period - Goal by Andrew Gordon - Thunder : 0 - Patriotes : 1.
9:08 of 1st period - Samuel Pahlsson wins face-off versus Zenon Konopka in neutral zone.
9:11 of 1st period - Wrist shot by Samuel Pahlsson.
9:11 of 1st period - Stopped by Joey MacDonald without a rebound.
9:12 of 1st period - Samuel Pahlsson wins face-off versus Zenon Konopka in Patriotes zone.
9:19 of 1st period - Slapshot by Dany Roussin.
9:19 of 1st period - Goal by Dany Roussin - Thunder : 1 - Patriotes : 1.
9:20 of 1st period - Zenon Konopka wins face-off versus Samuel Pahlsson in neutral zone.
9:29 of 1st period - Wrist shot by Andrew Gordon.
9:29 of 1st period - Shot Misses the Net.
9:31 of 1st period - Slapshot by Davis Drewiske.
9:31 of 1st period - Shot Blocked by Samuel Pahlsson.
9:33 of 1st period - Slapshot by Fedor Fedorov.
9:33 of 1st period - Shot Misses the Net.
9:45 of 1st period - Andreas Nodl is hit by Tom Pyatt and loses puck.
10:35 of 1st period - Wrist shot by Andrew Gordon.
10:35 of 1st period - Shot Misses the Net.
11:12 of 1st period - Zenon Konopka is hit by Samuel Pahlsson.
11:57 of 1st period - Davis Drewiske is hit by Joey Ryan and loses puck.
12:12 of 1st period - Snap shot by Dany Roussin.
12:12 of 1st period - Shot Misses the Net.
12:14 of 1st period - Wrist shot by Dany Roussin.
12:14 of 1st period - Shot Blocked by Cade Fairchild.
12:54 of 1st period - Wrist shot by James Van Riemsdyk.
12:54 of 1st period - Stopped by Joey MacDonald with a rebound.
13:08 of 1st period - Lauri Tukonen is hit by Joey Crabb and loses puck.
13:26 of 1st period - Andrew Gordon is hit by Daniel Winnik and loses puck.
13:55 of 1st period - Slapshot by Alexei Semenov.
13:55 of 1st period - Stopped by Joey MacDonald with a rebound.
16:27 of 1st period - Icing by Zenon Konopka.
16:28 of 1st period - Samuel Pahlsson wins face-off versus Christian Hanson in Patriotes zone.
16:31 of 1st period - Wrist shot by Pierre-Alexandre Parenteau.
16:31 of 1st period - Stopped by Joey MacDonald with a rebound.
16:51 of 1st period - Snap shot by Cory Emmerton.
16:51 of 1st period - Stopped by Barry Brust without a rebound.
16:52 of 1st period - Zenon Konopka wins face-off versus Tom Pyatt in Thunder zone.
17:02 of 1st period - Snap shot by Matt D'Agostini.
17:02 of 1st period - Shot Misses the Net.
17:12 of 1st period - Snap shot by Daniel Winnik.
17:12 of 1st period - Stopped by Joey MacDonald with a rebound.
17:14 of 1st period - Slapshot by Tom Pyatt.
17:14 of 1st period - Shot Misses the Net.
17:16 of 1st period - Backhand shot by Matt D'Agostini.
17:16 of 1st period - Shot Blocked by Andrew Gordon.
17:18 of 1st period - Snap shot by Matt D'Agostini.
17:18 of 1st period - Goal by Matt D'Agostini - Thunder : 2 - Patriotes : 1.
17:19 of 1st period - Samuel Pahlsson wins face-off versus Zenon Konopka in neutral zone.
17:41 of 1st period - Icing by Brett Skinner.
17:42 of 1st period - Zenon Konopka wins face-off versus Tom Pyatt in Patriotes zone.
17:52 of 1st period - Minor Penalty to Davis Drewiske for Interference.
17:53 of 1st period - Samuel Pahlsson wins face-off versus Zenon Konopka in Patriotes zone.
18:18 of 1st period - Zenon Konopka is hit by Matt D'Agostini and loses puck.
18:27 of 1st period - Slapshot by Tom Pyatt.
18:27 of 1st period - Stopped by Joey MacDonald with a rebound.
18:59 of 1st period - Jeff Finger is hit by Fedor Fedorov and loses puck.
19:50 of 1st period - Icing by Samuel Pahlsson.
19:51 of 1st period - Pierre-Alexandre Parenteau wins face-off versus Zenon Konopka in Thunder zone.
19:52 of 1st period - Penalty to Davis Drewiske is over, Davis Drewiske is back on ice.
19:56 of 1st period - Ryan Wilson is hit by Dany Roussin and loses puck.
2nd period
0:01 of 2nd period - Zenon Konopka wins face-off versus Samuel Pahlsson in neutral zone.
0:06 of 2nd period - Doug Janik is hit by Fedor Fedorov and loses puck.
0:25 of 2nd period - Tom Pyatt is hit by Christian Hanson and loses puck.
0:58 of 2nd period - Lauri Tukonen is hit by Tyler Myers and loses puck.
1:00 of 2nd period - Minor Penalty to Ryan Wilson for Holding.
1:01 of 2nd period - Zenon Konopka wins face-off versus Pierre-Alexandre Parenteau in Patriotes zone.
2:40 of 2nd period - Davis Drewiske is hit by Doug Janik.
3:00 of 2nd period - Penalty to Ryan Wilson is over, Ryan Wilson is back on ice.
4:30 of 2nd period - T.J Galiardi is hit by Robin Leblanc and loses puck.
6:33 of 2nd period - Minor Penalty to Tyler Myers for Interference.
6:34 of 2nd period - Samuel Pahlsson wins face-off versus Zenon Konopka in Thunder zone.
8:05 of 2nd period - Brett Skinner is hit by Daniel Winnik and loses puck.
8:33 of 2nd period - Penalty to Tyler Myers is over, Tyler Myers is back on ice.
8:42 of 2nd period - Daniel Winnik is hit by Joe Charlebois and loses puck.
9:45 of 2nd period - Off-side.
9:46 of 2nd period - Jerred Smithson wins face-off versus Martin St. Pierre in neutral zone.
9:58 of 2nd period - Martin St. Pierre is hit by James Van Riemsdyk.
10:29 of 2nd period - Slapshot by T.J Galiardi.
10:29 of 2nd period - Stopped by Barry Brust with a rebound.
10:31 of 2nd period - Wrist shot by T.J Galiardi.
10:31 of 2nd period - Stopped by Barry Brust with a rebound.
10:33 of 2nd period - Snap shot by Joe Charlebois.
10:33 of 2nd period - Shot Misses the Net.
10:57 of 2nd period - Snap shot by Tom Pyatt.
10:57 of 2nd period - Deflect By Daniel Winnik.
10:57 of 2nd period - Shot Misses the Net.
10:57 of 2nd period - Puck is out of play.
10:58 of 2nd period - Tom Pyatt wins face-off versus Cory Emmerton in Patriotes zone.
11:04 of 2nd period - Icing by Brett Skinner.
11:05 of 2nd period - Cory Emmerton wins face-off versus Samuel Pahlsson in Patriotes zone.
11:27 of 2nd period - Minor Penalty to Davis Drewiske for Hooking.
11:27 of 2nd period - Minor Penalty to Daniel Winnik for Roughing.
11:28 of 2nd period - Samuel Pahlsson wins face-off versus Andrew Gordon in neutral zone.
11:42 of 2nd period - Slapshot by Samuel Pahlsson.
11:42 of 2nd period - Stopped by Joey MacDonald with a rebound.
11:44 of 2nd period - Wrist shot by Doug Janik.
11:44 of 2nd period - Deflect By Zenon Konopka.
11:44 of 2nd period - Stopped by Joey MacDonald with a rebound.
12:59 of 2nd period - Zenon Konopka is hit by Samuel Pahlsson and loses puck.
13:12 of 2nd period - Derek Peltier is hit by Christian Hanson and loses puck.
13:27 of 2nd period - Penalty to Davis Drewiske is over, Davis Drewiske is back on ice.
13:27 of 2nd period - Penalty to Daniel Winnik is over, Daniel Winnik is back on ice.
13:35 of 2nd period - Wrist shot by Cory Emmerton.
13:35 of 2nd period - Shot Blocked by Daniel Winnik.
13:47 of 2nd period - Snap shot by James Van Riemsdyk.
13:47 of 2nd period - Deflect By Daniel Winnik.
13:47 of 2nd period - Stopped by Joey MacDonald without a rebound.
13:48 of 2nd period - Tom Pyatt wins face-off versus Andreas Nodl in Patriotes zone.
13:53 of 2nd period - Snap shot by Daniel Winnik.
13:53 of 2nd period - Shot Blocked by Nigel Williams.
13:55 of 2nd period - Wrist shot by Matt D'Agostini.
13:55 of 2nd period - Shot Blocked by Philip Larsen.
13:57 of 2nd period - Slapshot by Tyler Myers.
13:57 of 2nd period - Shot Blocked by Christian Hanson.
13:59 of 2nd period - Snap shot by Matt D'Agostini.
13:59 of 2nd period - Shot Misses the Net.
14:01 of 2nd period - Slapshot by Ray Macias.
14:01 of 2nd period - Deflect By Matt D'Agostini.
14:01 of 2nd period - Stopped by Joey MacDonald without a rebound.
14:02 of 2nd period - Samuel Pahlsson wins face-off versus Fedor Fedorov in Patriotes zone.
14:05 of 2nd period - Slapshot by Pierre-Alexandre Parenteau.
14:05 of 2nd period - Deflect By Andrew Gordon.
14:05 of 2nd period - Shot Hit the Post.
14:05 of 2nd period - Puck is out of play.
14:06 of 2nd period - Zenon Konopka wins face-off versus Samuel Pahlsson in Patriotes zone.
14:17 of 2nd period - Snap shot by Andrew Gordon.
14:17 of 2nd period - Stopped by Barry Brust with a rebound.
15:23 of 2nd period - Wrist shot by Cory Emmerton.
15:23 of 2nd period - Stopped by Barry Brust without a rebound.
15:24 of 2nd period - Tom Pyatt wins face-off versus Christian Hanson in Thunder zone.
15:38 of 2nd period - T.J Galiardi is hit by Daniel Winnik and loses puck.
15:51 of 2nd period - Pierre-Alexandre Parenteau is hit by Brett Skinner and loses puck.
18:01 of 2nd period - Doug Janik is hit by Joe Charlebois and loses puck.
18:16 of 2nd period - Snap shot by Dany Roussin.
18:16 of 2nd period - Shot Blocked by Zenon Konopka.
18:22 of 2nd period - Pierre-Alexandre Parenteau is hit by Zenon Konopka and loses puck.
18:45 of 2nd period - Snap shot by Fedor Fedorov.
18:45 of 2nd period - Deflect By Tomas Kubalik.
18:45 of 2nd period - Shot Blocked by Ray Macias.
18:45 of 2nd period - Puck is out of play.
18:46 of 2nd period - Martin St. Pierre wins face-off versus Tom Pyatt in Thunder zone.
18:55 of 2nd period - Slapshot by Alexei Semenov.
18:55 of 2nd period - Shot Misses the Net.
18:57 of 2nd period - Wrist shot by Doug Janik.
18:57 of 2nd period - Stopped by Joey MacDonald without a rebound.
18:58 of 2nd period - Zenon Konopka wins face-off versus Tom Pyatt in Patriotes zone.
19:14 of 2nd period - Matt D'Agostini is hit by Davis Drewiske and loses puck.
19:32 of 2nd period - Minor Penalty to Pierre-Alexandre Parenteau for Hooking.
19:33 of 2nd period - Samuel Pahlsson wins face-off versus Zenon Konopka in Thunder zone.
19:48 of 2nd period - Wrist shot by Zenon Konopka.
19:48 of 2nd period - Stopped by Barry Brust with a rebound.
3rd period
0:01 of 3rd period - Zenon Konopka wins face-off versus Samuel Pahlsson in neutral zone.
0:26 of 3rd period - Snap shot by Andreas Nodl.
0:26 of 3rd period - Stopped by Barry Brust without a rebound.
0:27 of 3rd period - Andreas Nodl wins face-off versus Samuel Pahlsson in Thunder zone.
1:02 of 3rd period - Snap shot by Zenon Konopka.
1:02 of 3rd period - Stopped by Barry Brust with a rebound.
1:32 of 3rd period - Penalty to Pierre-Alexandre Parenteau is over, Pierre-Alexandre Parenteau is back on ice.
1:33 of 3rd period - Fedor Fedorov is hit by Jerred Smithson and loses puck.
1:48 of 3rd period - Ray Macias is hit by Liam Reddox and loses puck.
1:53 of 3rd period - Slapshot by Cory Emmerton.
1:53 of 3rd period - Stopped by Barry Brust without a rebound.
1:54 of 3rd period - Christian Hanson wins face-off versus Samuel Pahlsson in Thunder zone.
1:55 of 3rd period - Snap shot by Andreas Nodl.
1:55 of 3rd period - Stopped by Barry Brust with a rebound.
2:09 of 3rd period - Slapshot by Andreas Nodl.
2:09 of 3rd period - Shot Misses the Net.
2:17 of 3rd period - Nigel Williams is hit by Daniel Winnik and loses puck.
3:12 of 3rd period - Wrist shot by Andreas Nodl.
3:12 of 3rd period - Stopped by Barry Brust with a rebound.
3:14 of 3rd period - Wrist shot by Ryan Wilson.
3:14 of 3rd period - Deflect By Andreas Nodl.
3:14 of 3rd period - Stopped by Barry Brust with a rebound.
3:16 of 3rd period - Snap shot by Christian Hanson.
3:16 of 3rd period - Shot Misses the Net.
3:18 of 3rd period - Snap shot by Andreas Nodl.
3:18 of 3rd period - Goal by Andreas Nodl - Thunder : 2 - Patriotes : 2.
3:19 of 3rd period - Zenon Konopka wins face-off versus Samuel Pahlsson in neutral zone.
3:24 of 3rd period - Snap shot by Andrew Gordon.
3:24 of 3rd period - Stopped by Barry Brust with a rebound.
3:26 of 3rd period - Slapshot by Zenon Konopka.
3:26 of 3rd period - Stopped by Barry Brust without a rebound.
3:27 of 3rd period - Zenon Konopka wins face-off versus Samuel Pahlsson in Thunder zone.
3:38 of 3rd period - Snap shot by Andrew Gordon.
3:38 of 3rd period - Stopped by Barry Brust with a rebound.
3:40 of 3rd period - Backhand shot by Brett Skinner.
3:40 of 3rd period - Deflect By Andrew Gordon.
3:40 of 3rd period - Stopped by Barry Brust without a rebound.
3:41 of 3rd period - Samuel Pahlsson wins face-off versus Zenon Konopka in Thunder zone.
4:08 of 3rd period - Andreas Nodl is hit by Tom Pyatt and loses puck.
4:28 of 3rd period - Off-side.
4:29 of 3rd period - Cory Emmerton wins face-off versus Jerred Smithson in neutral zone.
4:44 of 3rd period - Snap shot by James Van Riemsdyk.
4:44 of 3rd period - Deflect By Jerred Smithson.
4:44 of 3rd period - Shot Blocked by Liam Reddox.
4:44 of 3rd period - Puck is out of play.
4:45 of 3rd period - Zenon Konopka wins face-off versus Samuel Pahlsson in Patriotes zone.
5:00 of 3rd period - Snap shot by Samuel Pahlsson.
5:00 of 3rd period - Stopped by Joey MacDonald with a rebound.
5:07 of 3rd period - Icing by Joe Charlebois.
5:08 of 3rd period - Tom Pyatt wins face-off versus Zenon Konopka in Patriotes zone.
5:11 of 3rd period - Snap shot by Daniel Winnik.
5:11 of 3rd period - Shot Misses the Net.
5:25 of 3rd period - Wrist shot by Andrew Gordon.
5:25 of 3rd period - Shot Blocked by Doug Janik.
5:27 of 3rd period - Wrist shot by Zenon Konopka.
5:27 of 3rd period - Goal by Zenon Konopka - Thunder : 2 - Patriotes : 3.
5:28 of 3rd period - Samuel Pahlsson wins face-off versus Andrew Gordon in neutral zone.
5:31 of 3rd period - Slapshot by Doug Janik.
5:31 of 3rd period - Stopped by Joey MacDonald with a rebound.
5:33 of 3rd period - Slapshot by Doug Janik.
5:33 of 3rd period - Shot Blocked by Zenon Konopka.
5:35 of 3rd period - Snap shot by Pierre-Alexandre Parenteau.
5:35 of 3rd period - Shot Misses the Net.
5:37 of 3rd period - Wrist shot by Samuel Pahlsson.
5:37 of 3rd period - Stopped by Joey MacDonald without a rebound.
5:38 of 3rd period - Samuel Pahlsson wins face-off versus Zenon Konopka in Patriotes zone.
5:49 of 3rd period - Snap shot by Samuel Pahlsson.
5:49 of 3rd period - Stopped by Joey MacDonald without a rebound.
5:50 of 3rd period - Zenon Konopka wins face-off versus Samuel Pahlsson in Patriotes zone.
6:05 of 3rd period - Wrist shot by Dany Roussin.
6:05 of 3rd period - Stopped by Joey MacDonald with a rebound.
6:15 of 3rd period - Tom Pyatt is hit by Brett Skinner and loses puck.
6:35 of 3rd period - Slapshot by Brett Skinner.
6:35 of 3rd period - Stopped by Barry Brust without a rebound.
6:36 of 3rd period - Cory Emmerton wins face-off versus Jerred Smithson in Thunder zone.
6:41 of 3rd period - Wrist shot by Liam Reddox.
6:41 of 3rd period - Shot Misses the Net.
7:14 of 3rd period - Slapshot by Zenon Konopka.
7:14 of 3rd period - Shot Misses the Net.
7:32 of 3rd period - Snap shot by Samuel Pahlsson.
7:32 of 3rd period - Shot Misses the Net.
10:51 of 3rd period - Minor Penalty to Robin Leblanc for Holding.
10:52 of 3rd period - Zenon Konopka wins face-off versus Samuel Pahlsson in Thunder zone.
12:28 of 3rd period - Jerred Smithson is hit by Andrew Gordon and loses puck.
12:51 of 3rd period - Penalty to Robin Leblanc is over, Robin Leblanc is back on ice.
13:25 of 3rd period - Snap shot by Samuel Pahlsson.
13:25 of 3rd period - Stopped by Joey MacDonald with a rebound.
13:27 of 3rd period - Snap shot by Robin Leblanc.
13:27 of 3rd period - Goal by Robin Leblanc - Thunder : 3 - Patriotes : 3.
13:28 of 3rd period - Christian Hanson wins face-off versus Samuel Pahlsson in neutral zone.
13:58 of 3rd period - Slapshot by Andrew Gordon.
13:58 of 3rd period - Shot Misses the Net.
14:12 of 3rd period - Snap shot by James Van Riemsdyk.
14:12 of 3rd period - Shot Blocked by Liam Reddox.
14:33 of 3rd period - Wrist shot by Andreas Nodl.
14:33 of 3rd period - Deflect By Christian Hanson.
14:33 of 3rd period - Stopped by Barry Brust with a rebound.
15:41 of 3rd period - Tom Pyatt is hit by T.J Galiardi and loses puck.
17:00 of 3rd period - Minor Penalty to Ray Macias for Hooking.
17:01 of 3rd period - Samuel Pahlsson wins face-off versus Zenon Konopka in Thunder zone.
17:14 of 3rd period - Wrist shot by Andrew Gordon.
17:14 of 3rd period - Goal by Andrew Gordon - Thunder : 3 - Patriotes : 4.
17:15 of 3rd period - Zenon Konopka wins face-off versus Samuel Pahlsson in neutral zone.
17:58 of 3rd period - Off-side.
17:59 of 3rd period - Matt D'Agostini wins face-off versus Cory Emmerton in neutral zone.
18:02 of 3rd period - Slapshot by Jeff Finger.
18:02 of 3rd period - Stopped by Joey MacDonald with a rebound.
18:04 of 3rd period - Slapshot by Derek Peltier.
18:04 of 3rd period - Shot Blocked by Davis Drewiske.
18:14 of 3rd period - Slapshot by Tom Pyatt.
18:14 of 3rd period - Shot Misses the Net.
18:21 of 3rd period - Minor Penalty to Jeff Finger for Slashing.
18:22 of 3rd period - Andrew Gordon wins face-off versus Samuel Pahlsson in Thunder zone.
18:23 of 3rd period - Snap shot by Zenon Konopka.
18:23 of 3rd period - Shot Misses the Net.
18:25 of 3rd period - Snap shot by Davis Drewiske.
18:25 of 3rd period - Stopped by Barry Brust without a rebound.
18:26 of 3rd period - Zenon Konopka wins face-off versus Samuel Pahlsson in Thunder zone.
18:39 of 3rd period - Slapshot by Davis Drewiske.
18:39 of 3rd period - Stopped by Barry Brust with a rebound.
18:41 of 3rd period - Snap shot by Zenon Konopka.
18:41 of 3rd period - Shot Hit the Post.
19:27 of 3rd period - Andrew Gordon is hit by Daniel Winnik and loses puck.
Output by the SimonT Hockey Simulator (STHS) for François Prévost -- Original Page W3C XHTML 1.0 Valid